 Dungeon Crawl Stone Soup version 0.25-a0-471-g78e40d7af6 (webtiles) character file.

Game seed: 1622770408592769984, levelgen mode: deterministic

3754 Eurus the Thaumaturge (level 9, -3/63 HPs)
             Began as a Mummy Conjurer on Feb 6, 2020.
             Was an Initiate of Ashenzari.
             Slain by a queen ant (16 damage)
             ... on level 8 of the Dungeon.
             The game lasted 00:26:28 (9823 turns).

Eurus the Thaumaturge (Mummy Conjurer)              Turns: 9823, Time: 00:26:29

Health: -3/63      AC:  7    Str:  8    XL:     9   Next: 93%
Magic:  11/23      EV:  9    Int: 24    God:    Ashenzari [......]
Gold:   345        SH:  8    Dex:  7    Spells: 21/28 levels left

rFire    x . .     SeeInvis +   q - +7 dagger of Kiwel {elec, +Rage Str-4 Int+7 Dex-5} (curse)
rCold    + . .     Gourm    .   s - +0 shield (curse)
rNeg     + + +     Faith    .   r - +2 leather armour {rN+}
rPois    ∞         Spirit   .   (no helmet)
rElec    .         Reflect  .   (no cloak)
rCorr    .         Harm     .   m - +0 pair of gloves
MR       +....                  o - +0 pair of boots
Stlth    +.........             k - amulet of regeneration (curse)
HPRegen  0.60/turn              c - ring of see invisible
MPRegen  0.18/turn              (no ring)

@: no status effects
A: no food or potions, fire vulnerability, cold resistance 1, negative energy
resistance 3, torment resistance, unbreathing
a: Curse Item, Renounce Religion


You were on level 8 of the Dungeon.
You worshipped Ashenzari.
Ashenzari was noncommittal.
You were not hungry.

You visited 2 branches of the dungeon, and saw 9 of its levels.

You collected 345 gold pieces.

Inventory:

Hand Weapons
 q - the cursed +7 dagger of Kiwel (weapon) {elec, +Rage Str-4 Int+7 Dex-5}
   (You found it on level 6 of the Dungeon)

   Occasionally, upon striking a foe, it will discharge some electrical energy
   and cause terrible harm.
   It affects your strength (-4).
   It affects your intelligence (+7).
   It affects your dexterity (-5).
   It lets you go berserk.
   It has a curse placed upon it.
Armour
 m - a +0 pair of gloves (worn)
 o - a +0 pair of boots (worn)
 r - a +2 leather armour of positive energy (worn)
 s - a cursed +0 shield (worn)
Jewellery
 c - a ring of see invisible (left hand)
 k - a cursed amulet of regeneration (around neck)
Wands
 a - a wand of disintegration (9)
 j - a wand of flame (12)
 t - a wand of random effects (11)
Scrolls
 b - 2 scrolls of enchant armour {unknown}
 d - a scroll of teleportation {unknown}
 e - 4 scrolls of amnesia {unknown}
 f - 2 scrolls of fear {unknown}
 g - 2 scrolls of enchant weapon {unknown}
 h - a scroll of remove curse
 i - 6 scrolls of identify {unknown}
 l - a scroll of noise {unknown}


   Skills:
 - Level 3.1 Fighting
 - Level 3.0 Armour
 - Level 1.5 Dodging
 - Level 1.5 Stealth
 + Level 5.5 Shields
 - Level 10.0 Spellcasting
 + Level 7.5 Conjurations
 + Level 0.7 Translocations


You had 21 spell levels left.
You knew the following spells:

 Your Spells              Type           Power        Failure   Level  Hunger
a - Magic Dart            Conj           ####         1%          1    N/A
b - Searing Ray           Conj           #####.       1%          2    N/A
c - Iskenderun's Mystic   Conj/Tloc      ####....     43%         4    N/A

Your spell library contained the following spells:

 Spells                   Type           Power        Failure   Level  Hunger
 Dazzling Flash           Conj/Hex       ####..       16%         3    N/A
 Fulminant Prism          Conj/Hex       ####......   47%         4    N/A
 Chain Lightning          Conj/Air       ####......   100%        8    N/A
 Lehudib's Crystal Spear  Conj/Erth      ####......   100%        8    N/A
 Fire Storm               Conj/Fire      ####......   100%        9    N/A
 Glaciate                 Conj/Ice       ####......   100%        9    N/A

Dungeon Overview and Level Annotations

Branches:
Dungeon (8/15)             Temple (1/1) D:7
   Lair: D:8-11

Altars:
Ashenzari
Cheibriados
Dithmenos
Elyvilon
Fedhas
Gozag
Hepliaklqana
Kikubaaqudgha
Makhleb
Nemelex Xobeh
Qazlal
Sif Muna
Trog
Uskayaw
Vehumet
Wu Jian
Xom
Yredelemnul
Zin
The Shining One

Shops:
D:6 *   D:7 }

Annotations:
D:4 Grinder
D:7 exclusion: hornet


Innate Abilities, Weirdness & Mutations

You do not eat or drink.
Your flesh is vulnerable to fire.
You are immune to poison.
Your flesh is cold resistant. (rC+)
You are immune to negative energy. (rN+++)
You are immune to unholy pain and torment.
You can survive without breathing.


Message History

The searing ray hits the queen ant.
The queen ant is almost dead.
You finish channeling your searing ray.
The queen ant stings you.
* * * LOW HITPOINT WARNING * * *
Casting: Searing Ray (safe; 1% risk of failure)
Confirm with . or Enter, or press ? or * to list all spells.
Aiming: Searing Ray (safe; 1% risk of failure)
Press: ? - help, Shift-Dir - straight line, f/p - queen ant
Aim: a queen ant (almost dead)
The searing ray hits the queen ant but does no damage.
The queen ant is almost dead. (Press . to maintain the ray.)
The queen ant closely misses you.
The searing ray hits the queen ant!
The queen ant is almost dead.
The queen ant stings you but does no damage.
The searing ray hits the queen ant.
The queen ant is almost dead.
The queen ant stings you!
You die...

#.......#..#...#.#.##.##..
#.......'.#.#.#...#..#....
#.......#.###..#.#..a#.#..
######'##.#...###...#.#)##
#......##.#.##. ##..##.#.#
#..........# a....# #. .#
#.....<...## ...## . ..
#..........# .... .# #..
##.....##@####... .. $##
#.....##a##...# #
#.....##.#.#.#
#.....##..#.##.###
........#........... ..
###.....#........... .
#.....#........... #
.......#######..... ##
........# ..... #.


You could see a queen ant.

Vanquished Creatures
  A wyvern (D:8)
  3 hungry ghosts
  Edmund (D:5)
  4 soldier ants
  2 ice beasts
  An orc warrior (D:8)
  A sky beast (D:8)
  2 black bears
  2 ogres
  3 centaurs
  2 phantoms
  3 bullfrogs (D:8)
  Blork the orc (D:4)
  2 scorpions
  2 crimson imps
  2 jellies (D:3)
  A bullfrog skeleton (D:5)
  4 hounds
  A centaur skeleton (D:8)
  3 orc priests
  18 worker ants
  3 orc wizards
  A hound zombie (D:5)
  10 adders
  An adder skeleton (D:5)
  6 worms
  2 dart slugs
  4 leopard geckos (D:4)
  12 orcs
  11 bats
  4 giant cockroaches
  8 goblins
  9 hobgoblins
  2 iguanas
  5 jackals
  5 quokkas
  3 ball pythons
  6 frilled lizards
  7 kobolds
  8 rats
166 creatures vanquished.

Notes
Turn   | Place    | Note
-------+----------+-------------------------------------------
     0 | D:1      | Eurus the Mummy Conjurer began the quest for the Orb.
     0 | D:1      | Reached XP level 1. HP: 13/13 MP: 4/4
   294 | D:1      | Reached skill level 3 in Spellcasting
   300 | D:1      | Reached XP level 2. HP: 1/20 MP: 0/6
   310 | D:1      | Learned a level 2 spell: Searing Ray
   686 | D:1      | Reached skill level 1 in Fighting
  1293 | D:2      | Reached XP level 3. HP: 26/26 MP: 5/7
  1351 | D:2      | Found an ornate altar of the Wu Jian Council.
  1895 | D:2      | Reached XP level 4. HP: 33/33 MP: 6/9
  2269 | D:3      | Reached skill level 4 in Spellcasting
  2636 | D:3      | Found a shimmering altar of Xom.
  2936 | D:3      | Reached XP level 5. HP: 39/39 MP: 7/11
  3551 | D:4      | Reached XP level 6. HP: 43/47 MP: 5/13
  3735 | D:4      | Reached skill level 5 in Spellcasting
  3945 | D:4      | Noticed Grinder
  4217 | D:4      | Reached skill level 1 in Shields
  4283 | D:4      | Noticed Blork the orc
  4296 | D:4      | Killed Blork the orc
  4363 | D:4      | Found a shimmering blue altar of Sif Muna.
  4514 | D:5      | Entered Level 5 of the Dungeon
  4581 | D:5      | Reached XP level 7. HP: 52/52 MP: 6/15
  4669 | D:5      | Reached skill level 5 in Conjurations
  4751 | D:5      | Reached skill level 6 in Spellcasting
  4986 | D:5      | Found a basalt altar of Yredelemnul.
  5228 | D:5      | Noticed Edmund
  5244 | D:5      | Killed Edmund
  5981 | D:6      | Found Zedipufar's Assorted Antiques.
  6033 | D:6      | Reached skill level 7 in Spellcasting
  6033 | D:6      | Reached XP level 8. HP: 58/58 MP: 12/18
  6043 | D:6      | Got a scorched dagger
  6941 | D:7      | Reached skill level 1 in Armour
  7104 | D:7      | Noticed a +0 dagger
  7111 | D:7      | Found a shadowy altar of Dithmenos.
  7250 | D:7      | Noticed a +0 dagger
  7252 | D:7      | Found a hide-covered altar of Uskayaw.
  7294 | D:7      | Found Tevi's Gadget Boutique.
  7335 | D:7      | Found a sparkling altar of Nemelex Xobeh.
  7360 | D:7      | Reached skill level 8 in Spellcasting
  7538 | D:7      | Noticed a hornet
  7550 | D:7      | Found a staircase to the Ecumenical Temple.
  7574 | Temple   | Entered the Ecumenical Temple
  7643 | Temple   | Became a worshipper of Ashenzari the Shackled
  7654 | Temple   | Identified the +7 dagger of Kiwel {elec, +Rage Str-4 Int+7
                  | Dex-5} (You found it on level 6 of the Dungeon)
  8008 | D:7      | Reached XP level 9. HP: 59/63 MP: 16/21
  8594 | D:7      | Reached skill level 9 in Spellcasting
  8746 | D:8      | Noticed a queen ant
  8999 | D:8      | Reached skill level 5 in Shields
  9374 | D:8      | Learned a level 4 spell: Iskenderun's Mystic Blast
  9721 | D:8      | Reached skill level 10 in Spellcasting
  9823 | D:8      | Slain by a queen ant

Levels and vault maps discovered:
D:1:      scummos_arrival_hexagon, layout_loops_cross, serial_bayou_lake_a
D:2:      layout_rooms, nicolae_overflow_crystal_walls
D:3:      layout_loops_ring, first_ration, dk_xom_monty_hall
D:4:      layout_basic, tgw_sif, uniq_grinder
D:5:      layout_loops_corners, lemuel_coloured_pillars_altar,
          minmay_checkerbox, uniq_edmund
D:6:      layout_rooms, serial_shops, nicolae_shop_statue_plus,
          uniq_blork_the_orc
D:7:      layout_loops_corners, nicolae_dithmenos_shadow_blocks,
          nemelex_xobeh_ov_fountains_minmay, dancing_weapons_uskayaw,
          minmay_temple_entry_statues_fountains, serial_shops, shop
D:8:      layout_gridville, lemuel_doored_altar, minmay_another_anthill
Temple:   eino_temple_lava

Skill      XL: |  1  2  3  4  5  6  7  8  9 |
---------------+----------------------------+-----
Spellcasting   | 3 4 5 7 8 10 | 10.0
Fighting       | 1 2 3 |  3.1
Conjurations   | 4 5 6 7 |  7.5
Shields        | 1 3 4 5 |  5.5
Armour         | 2 3 |  3.0
Dodging        | |  1.5
Stealth        | |  1.5
Translocations | |  0.7

Action                   |  1- 3 |  4- 6 |  7- 9 || total
-------------------------+-------+-------+-------++-------
Melee: Dagger            |    54 |    64 |    45 ||   163
 Cast: Magic Dart        |    52 |    30 |    66 ||   148
       Searing Ray       |     5 |    27 |    71 ||   103
Invok: Curse Item        |       |       |     3 ||     3
 Stab: Sleeping          |       |     3 |     1 ||     4
Armor: Robe              |    13 |    12 |     5 ||    30
       Leather armour    |       |       |    25 ||    25
Dodge: Dodged            |    43 |    45 |    65 ||   153
Block: Buckler           |       |       |    15 ||    15
       Shield            |       |       |    13 ||    13

Table legend:
 A = Non-vault XP
 B = Vault XP
 C = Vault XP percentage of total XP
 D = Non-vault monster count
 E = Vault monster count
 F = Vault count percentage of total count
                 A         B        C        D         E       F
            +---------+---------+-------+---------+---------+-------
      Total |    3917 |    1446 |  27.0 |     143 |      23 |  13.9
            +---------+---------+-------+---------+---------+-------
        D:1 |      38 |       0 |   0.0 |      23 |       0 |   0.0
        D:2 |      67 |       0 |   0.0 |      22 |       0 |   0.0
        D:3 |      67 |      89 |  57.1 |      21 |       3 |  12.5
        D:4 |     306 |      91 |  22.9 |      19 |       1 |   5.0
        D:5 |     463 |     177 |  27.7 |      12 |       2 |  14.3
        D:6 |     720 |       0 |   0.0 |      19 |       0 |   0.0
        D:7 |     878 |     429 |  32.8 |       9 |       5 |  35.7
        D:8 |    1378 |     660 |  32.4 |      18 |      12 |  40.0
            +---------+---------+-------+---------+---------+-------
